 BcadrenCrawl: Boulder Brew version 0.03.2.1-27-g9e5655d (webtiles) character file.

Game seed: 11567541203855632570, levelgen mode: deterministic

6270 Kalegnar the Grappler (level 10, -1/51 HPs) Vine Stalker Demonspawn. Began on Jan 11, 2021. Was a Believer of Makhleb. Killed from afar by an electric eel (9 damage) ... with a bolt of electricity ... on level 5 of the Dungeon. The game lasted 00:20:58 (4107 turns).

Kalegnar the Grappler (Vine Stalker Demonspawn)     Turns: 4107, Time: 00:20:58

Health: -1/51      AC: 13    Str: 21    XL:     10 ^: 269
Magic:  0/16       EV:  6    Int: 12    God:    Makhleb [2* [57]]
Gold:   231        SH:  7    Dex: 13    Spells: 10/11 levels left

rFire    . . .     Vision   .   w - +0 heater shield
rCold    . . .     Gourm    .     - Unarmed
rNeg     + . .     Faith    .   r - +3 leather armour {rPois}
rPois    +         Spirit   +   (no helmet)
rElec    .         Reflect  .   y - +0 cloak {soft}
rCorr    .         Harm     .   (no gloves)
MR       +....                  (no boots)
Stlth    +++++.....             (no amulet)
HPRegen  2.67/turn              e - ring of protection
MPRegen  0.26/turn              o - ring of positive energy

@: no status effects
A: claws 2, fangs 3, rugged brown scales 1, nightstalker 2, powered by death 1,
regeneration 1, magic shield, antimagic bite, no potion heal 3, rot immunity
a: Minor Destruction, Renounce Religion


You were on level 5 of the Dungeon.
You worshipped Makhleb.
Makhleb was pleased with you.
You were not hungry.

You visited 2 branches of the dungeon, and saw 6 of its levels.

You collected 231 gold pieces.

Inventory:

Shields
 w - a +0 heater shield (shield)
Armour
 k - a +0 ring mail
 r - a +3 leather armour of poison resistance (worn)
 y - a +0 cloak of softness (worn)
Jewellery
 e - a ring of protection (left claw)
 o - a ring of positive energy (right claw)
 t - an uncursed ring of wizardry
 A - a cursed ring of wizardry {(Curse: rC-)}
Wands
 x - a wand of disintegration (1)
 z - a wand of acid (9)
Scrolls
 b - a scroll of summoning
 d - 2 scrolls of fog
 h - a scroll of enchantment
 i - a scroll of amnesia
 l - 5 scrolls of teleportation
 n - a scroll of magic mapping
 s - 3 scrolls of fear
Potions
 a - 4 potions of curing
 f - 2 potions of brilliance
 g - 2 potions of haste
 j - 4 potions of ambrosia
 m - 3 potions of agility
 q - a potion of lignification
 u - a potion of berserk rage
 v - a potion of resistance
Comestibles
 c - 9 rations
 p - 4 chunks of flesh


   Skills:
 + Level 4.3 Fighting
 - Level 3.1 Armour
 - Level 3.0 Dodging
 - Level 8.0 Stealth
 - Level 3.3 Shields
 + Level 10.5 Unarmed Combat
 - Level 1.1 Spellcasting
 - Level 2.0 Fire Magic
 + Level 6.7 Invocations


You had 10 spell levels left.
You knew the following spells:

 Your Spells              Type           Power        Failure   Level  Hunger
a - Flame Tongue          Fire           5 (30)       14%         1    ##.....

Your spell library contained the following spells:

 Spells                   Type           Power        Failure   Level  Hunger
 Conjure Flame            Fire           5 (100)      38%         3    ####...
 Blink                    Tloc           N/A          43%         2    ###....
 Call Imp                 Summ           0 (100)      43%         2    ###....
 Slow                     Hex            0 (100)      43%         2    ###....
 Mephitic Cloud           Pois/Air       0 (100)      67%         3    ####...


Dungeon Overview and Level Annotations

Branches:
Dungeon (5/8)              Temple (1/1) D:4
   Lair: D:5

Altars:
Ashenzari
Cheibriados
Elyvilon
Fedhas Madash
Gozag Ym Sagoz
Hepliaklqana
Kikubaaqudgha
Makhleb
Nemelex Xobeh
Qazlal
Ru
Trog
Wu Jian
Zin
The Shining One


Innate Abilities, Weirdness & Mutations

You have very sharp fingernails. (+4 Unarmed)
You have razor-sharp teeth.
You are partially covered in rugged brown scales. (AC +1, +3% HP)
You are significantly more attuned to the shadows.
You regenerate a little health from kills.
Your natural rate of healing is unusually fast.
When hurt, damage is shared between your health and your magic reserves.
Your bite disrupts and absorbs the magic of your enemies.
Potions cannot restore your health.
You are immune to rotting.


Message History

You enter the shallow water.
Moving in this stuff is going to be slow.
The electric eel shoots out a bolt of lightning at you!
The bolt of electricity hits you (12)!
* * * LOW HITPOINT WARNING * * *
The electric eel shoots out a bolt of lightning at you!
The bolt of electricity hits you (9)!
* * * LOW HITPOINT WARNING * * *
The electric eel shoots out a bolt of lightning at you!
The bolt of electricity hits you (8)!
* * * LOW HITPOINT WARNING * * *
You claw the electric eel (9)!
You kill the electric eel!
Makhleb accepts your kill.
You feel better.
You hear a splash.
A killer bee comes into view.
The electric eel shoots out a bolt of lightning at you!
The bolt of electricity hits you (9)!
You die...

...... ........#
.####.##.#.#.... .#
.....#/...
.#######.........≈≈..y
........†......≈≈≈≈≈≈≈
########†#....≈≈≈≈≈≈≈≈
#.#.†.....≈≈≈≈.
#†#.....†;≈≈≈..
#.#†.....@.....
####.)....†≈≈≈≈≈..
#....#....≈≈≈≈≈≈;.
####÷#†....≈≈≈≈.≈≈
#.#.[.....≈.≈≈≈
#†#....≈≈≈..≈≈≈
#........≈.≈..≈
#.#....... #....


You could see a killer bee (wandering) and 2 electric eels.

Vanquished Creatures
  A boulder beetle (D:5)
  Maurice (D:5)
  A hippogriff (D:5)
  A wyvern (D:5)
  7 yaks (D:5)
  Edmund (D:3)
  A water moccasin (D:5)
  An orc warrior (D:4)
  A necrophage (D:5)
  Duvessa (D:2)
  3 porcupines
  2 scorpions
  A sky beast (D:4)
  4 wolves (D:5)
  2 ogres (D:5)
  7 bullfrogs
  5 big kobolds
  Dowan (D:2)
  2 howler monkeys (D:5)
  3 killer bees (D:5)
  4 wights (D:4)
  A quasit (D:5)
  4 electric eels (D:5)
  A crimson imp (D:4)
  6 hounds
  4 jellies
  An orc wizard (D:5)
  An orc priest (D:4)
  An iguana (D:3)
  4 worker ants
  9 giant cockroaches
  A bullfrog zombie (D:5)
  3 bullfrog skeletons
  A porcupine skeleton (D:3)
  5 adders
  3 gnolls (D:4)
  15 sewer rats (D:2)
  8 worms
  7 cinder newts
  5 oozes
  2 dart slugs (D:1)
  7 leopard geckos
  13 orcs
  An adder zombie (D:5)
  A cinder newt skeleton (D:2)
  7 goblins (D:1)
  3 hobgoblins (D:1)
  2 jackals (D:3)
  20 kobolds
  4 ball pythons (D:2)
  9 bats
  A kobold skeleton (D:2)
  A leopard gecko skeleton (D:3)
  2 quokka skeletons
  19 rats
  8 withered plants (D:2)
230 creatures vanquished.

Vanquished Creatures (others)
  A yak (D:5)
  A hobgoblin skeleton (D:2)
  3 kobolds (D:2)
  141 withered plants (D:2)
146 creatures vanquished.

Grand Total: 376 creatures vanquished

Notes
Turn   | Place    | Note
-------+----------+-------------------------------------------
     0 | D:1      | Kalegnar the Vine Stalker Demonspawn began the quest for
                  | the Orb.
     0 | D:1      | Reached XP level 1. HP: 9/9 MP: 3/3
    42 | D:1      | Reached skill level 1 in Fighting
    78 | D:1      | Gained mutation: You have sharp fingernails. (+2 Unarmed)
                  | [demonic ancestry]
    78 | D:1      | Reached XP level 2. HP: 13/14 MP: 5/5
   211 | D:1      | Gained mutation: You are partially covered in rugged brown
                  | scales. (AC +1, +3% HP) [demonic ancestry]
   211 | D:1      | Reached XP level 3. HP: 15/18 MP: 6/6
   296 | D:1      | Reached skill level 3 in Unarmed Combat
   410 | D:1      | Gained mutation: Your natural rate of healing is unusually
                  | fast. [Vine Stalker growth]
   410 | D:1      | Reached XP level 4. HP: 23/23 MP: 7/7
   907 | D:2      | Noticed a big kobold
   940 | D:2      | Killed a big kobold
   940 | D:2      | Reached skill level 4 in Unarmed Combat
   940 | D:2      | Gained mutation: You regenerate a little health from kills.
                  | [demonic ancestry]
   940 | D:2      | Reached XP level 5. HP: 24/27 MP: 8/8
   978 | D:2      | Gained mutation: You have very sharp fingernails. (+4
                  | Unarmed) [demonic ancestry]
   978 | D:2      | Reached XP level 6. HP: 30/32 MP: 9/9
  1319 | D:2      | Noticed Dowan
  1320 | D:2      | Noticed Duvessa
  1329 | D:2      | Killed Duvessa
  1329 | D:2      | Reached skill level 5 in Unarmed Combat
  1329 | D:2      | Gained mutation: You are slightly more attuned to the
                  | shadows. [demonic ancestry]
  1329 | D:2      | Reached XP level 7. HP: 36/38 MP: 8/10
  1333 | D:2      | Killed Dowan
  1707 | D:2      | Reached skill level 6 in Unarmed Combat
  1791 | D:2      | Gained mutation: You have razor-sharp teeth. [Vine Stalker
                  | growth]
  1791 | D:2      | Reached XP level 8. HP: 43/43 MP: 11/11
  1981 | D:2      | Reached skill level 7 in Unarmed Combat
  2544 | D:3      | Reached skill level 1 in Armour
  2664 | D:3      | Noticed a moth of wrath
  2667 | D:3      | Found a bloodstained altar of Trog.
  2817 | D:3      | Noticed Edmund
  2824 | D:3      | Killed Edmund
  2874 | D:3      | Reached skill level 8 in Unarmed Combat
  3112 | D:4      | Reached XP level 9. HP: 39/46 MP: 9/12
  3301 | D:4      | Reached skill level 9 in Unarmed Combat
  3367 | D:4      | Found a staircase to the Ecumenical Temple.
  3388 | Temple   | Entered the Ecumenical Temple
  3614 | Temple   | Became a worshipper of Makhleb the Destroyer
  3763 | D:4      | Reached skill level 5 in Stealth
  3815 | D:5      | Entered Level 5 of the Dungeon
  3874 | D:5      | Noticed Maurice
  3897 | D:5      | Reached * piety under Makhleb
  3901 | D:5      | Killed Maurice
  3901 | D:5      | Reached skill level 1 in Shields
  3901 | D:5      | Gained mutation: You are significantly more attuned to the
                  | shadows. [demonic ancestry]
  3901 | D:5      | Reached XP level 10. HP: 45/50 MP: 13/13
  3965 | D:5      | Noticed a boulder beetle
  3971 | D:5      | Reached skill level 10 in Unarmed Combat
  4012 | D:5      | Reached skill level 5 in Invocations
  4069 | D:5      | Killed a boulder beetle
  4075 | D:5      | Reached ** piety under Makhleb
  4105 | D:5      | HP: 1/51 [electric eel/bolt of electricity (6)]
  4107 | D:5      | Killed from afar by an electric eel

Levels and vault maps discovered:
D:1:      elethiomel_arrival_diamonds, layout_basic, minmay_tromino_v4_b
D:2:      layout_sewer, first_ration, uniq_duvessa
D:3:      layout_loops_ring, tgw_trog, uniq_edmund
D:4:      layout_roguey, minmay_temple_entry_mist
D:5:      layout_basic, erik_lair_island, uniq_maurice
Temple:   regret_index_temple_generic_petals

Skill      XL: |  1  2  3  4  5  6  7  8  9 10 |
---------------+-------------------------------+-----
Fighting       | 1 2 3 4 |  4.3
Unarmed Combat | 3 4 5 6 8 9 10 | 10.5
Armour         | 2 3 |  3.1
Dodging        | 3 |  3.0
Stealth        | 6 8 |  8.0
Invocations    | 3 6 |  6.7
Shields        | 1 3 |  3.3
Spellcasting   | |  1.1
Fire Magic     | |  2.0

Action                   |  1- 3 |  4- 6 |  7- 9 | 10-12 || total
-------------------------+-------+-------+-------+-------++-------
Melee: Unarmed           |    78 |   114 |   245 |    92 ||   529
       Bite              |     4 |     9 |    26 |    26 ||    65
Throw: Stone             |       |       |     1 |       ||     1
Invok: Minor Destruction |       |       |       |     7 ||     7
 Stab: Sleeping          |     2 |     2 |    11 |     1 ||    16
  Eat: Chunk             |       |     2 |     9 |       ||    11
Armor: Leather armour    |    17 |       |    18 |    19 ||    54
       Ring mail         |     1 |    26 |    37 |       ||    64
Dodge: Dodged            |     1 |    10 |    19 |     5 ||    35
Block: Heater shield     |       |       |       |    17 ||    17
